[Event "Team 45 45 League T45"]
[Site "Internet Chess Club"]
[Date "2010.05.30"]
[Round "4"]
[White "MeoPatacca"]
[Black "mickeys"]
[Result "1-0"]
[WhiteElo "1850"]
[BlackElo "1900"]
[Opening "Queen's pawn"]
[ECO "A40"]
[Time "16:24:53"]
[TimeControl "2700+45"]

1. d4 e6 2. Bf4 d5 3. e3 Nf6 4. c3 Nc6 5. Bd3 Bd6 6. Nf3 O-O 7. Ne5 Bxe5 8. dxe5
Nd7 9. Nd2 Ndxe5 10. Bxe5 Nxe5 11. Bxh7+ Kxh7 12. Qh5+ Kg8 13. Qxe5 f6 14. Qg3
e5 15. O-O-O Qe8 16. Nb3 Qa4 17. Kb1 Bf5+ 18. Ka1 c6 19. h4 b6 20. h5 Bc2 21. h6
g5 22. f4 Bxb3 23. a3 exf4 24. exf4 Qxf4 25. Qd3 Bxd1 26. Qg6+ {Black resigns}
1-0

[Event "Team 45 45 League T45"]
[Site "Internet Chess Club"]
[Date "2010.05.29"]
[Round "4"]
[White "cknights"]
[Black "EireChess"]
[Result "1-0"]
[WhiteElo "1751"]
[BlackElo "1706"]
[Opening "QGD: 4.Nf3"]
[ECO "D37"]
[Time "16:01:08"]
[TimeControl "2700+45"]

1. d4 d5 2. c4 e6 3. Nf3 Nf6 4. Nc3 Nbd7 5. e3 Be7 6. Bd3 dxc4 7. Bxc4 a6 8. O-O
b5 9. Bd3 Bb7 10. e4 O-O 11. Bf4 c5 12. Bc2 b4 13. e5 Bxf3 14. Qxf3 bxc3 15.
exf6 Bxf6 16. bxc3 cxd4 17. Qe4 g6 18. cxd4 Rc8 19. Bh6 Re8 20. Rac1 Nb6 21.
Rfd1 Rc4 22. Be3 e5 23. Qb7 exd4 24. Bb3 Re7 25. Qxa6 Rxc1 26. Bxc1 Qe8 27. Kf1
Nd7 28. Ba3 Re4 29. Ba4 Bg7 30. Qa7 {Black resigns} 1-0

[Event "Team 45 45 League T45"]
[Site "Internet Chess Club"]
[Date "2010.05.30"]
[Round "4"]
[White "GreatBendini"]
[Black "pishd"]
[Result "1/2-1/2"]
[WhiteElo "1785"]
[BlackElo "1697"]
[Opening "Caro-Kann: Tartakower (fantasy) variation"]
[ECO "B12"]
[Time "13:04:23"]
[TimeControl "2700+45"]

1. e4 c6 2. d4 d5 3. f3 g6 4. Nc3 Bg7 5. Be3 Qb6 6. Rb1 e5 7. Nge2 Ne7 8. Na4
Qa5+ 9. c3 b5 10. Nc5 Nd7 11. b4 Qc7 12. Nxd7 Bxd7 13. Qd3 a5 14. Nc1 O-O 15.
Be2 axb4 16. cxb4 f5 17. O-O fxe4 18. fxe4 dxe4 19. Qb3+ Nd5 20. Rxf8+ Rxf8 21.
dxe5 Bxe5 22. h3 Be6 23. Bc5 Rf7 24. a4 bxa4 25. Qxa4 Nc3 26. Qa8+ Kg7 27. Ra1
Nxe2+ 28. Nxe2 Bxa1 29. Qxa1+ Kg8 30. Qd4 Bd5 31. b5 Qa5 32. Qe5 Qxb5 33. Qe8+
Kg7 34. Qe5+ Kg8 35. Qe8+ Kg7 36. Qe5+ Kg8 {Game drawn by repetition} 1/2-1/2

[Event "Team 45 45 League T45"]
[Site "Internet Chess Club"]
[Date "2010.05.28"]
[Round "4"]
[White "az2112"]
[Black "avila"]
[Result "1/2-1/2"]
[WhiteElo "1765"]
[BlackElo "1685"]
[Opening "QGD"]
[ECO "D52"]
[Time "18:30:06"]
[TimeControl "2700+45"]

1. d4 d5 2. c4 c6 3. Nc3 Nf6 4. Nf3 e6 5. Bg5 Nbd7 6. e3 Be7 7. Qc2 O-O 8. Rd1
h6 9. Bh4 Qa5 10. a3 dxc4 11. Bxc4 b5 12. Bd3 b4 13. axb4 Bxb4 14. O-O Bxc3 15.
bxc3 Nd5 16. c4 Nb4 17. Qd2 c5 18. Be4 Rb8 19. Be7 f5 20. Bxf8 fxe4 21. Bd6 exf3
22. Bxb8 fxg2 23. Kxg2 Nxb8 24. Ra1 Qc7 25. dxc5 Qxc5 26. Qd8+ Kh7 27. Qa5 Bb7+
28. Kg1 Qc6 29. f3 Nc2 30. Qxa7 Nxa1 31. Qxb8 Nc2 32. Rb1 Ba6 33. Qb3 Qxc4 34.
Qxc4 Bxc4 35. Kf2 Na3 36. Rb4 Bd5 37. e4 Bc6 38. Rb6 Bd7 39. Rd6 Bc8 40. Rc6 Bd7
41. Rd6 Bc8 42. Rc6 {Game drawn by mutual agreement} 1/2-1/2

[Event "Team 45 45 League T45"]
[Site "Internet Chess Club"]
[Date "2010.06.05"]
[Round "4"]
[White "vkpanch"]
[Black "Andressa"]
[Result "1/2-1/2"]
[WhiteElo "1685"]
[BlackElo "1549"]
[Opening "Ruy Lopez: old Steinitz defense"]
[ECO "C75"]
[Time "11:06:37"]
[TimeControl "2700+45"]

1. e4 e5 2. Nf3 Nc6 3. Bb5 d6 4. c3 Bd7 5. d4 a6 6. Ba4 Nf6 7. Bc2 Be7 8. O-O
O-O 9. Re1 Bg4 10. d5 Na7 11. Nbd2 c5 12. h3 Bd7 13. c4 b5 14. cxb5 Bxb5 15. Ba4
Qa5 16. Bxb5 Qxb5 17. b3 Qb4 18. Nc4 Rab8 19. Bd2 Qb7 20. Ba5 Nb5 21. a4 Nd4 22.
Nxd4 cxd4 23. b4 Nd7 24. f4 Rfc8 25. Rc1 {Game drawn by mutual agreement}
1/2-1/2

[Event "Team 45 45 League T45"]
[Site "Internet Chess Club"]
[Date "2010.05.26"]
[Round "4"]
[White "Nakke"]
[Black "soccerisfun"]
[Result "0-1"]
[WhiteElo "1745"]
[BlackElo "1616"]
[Opening "Nimzovich-Larsen attack: modern variation"]
[ECO "A01"]
[Time "19:00:28"]
[TimeControl "2700+45"]

1. b3 e5 2. Bb2 Nc6 3. e3 d5 4. Bb5 Bd6 5. f4 f6 6. fxe5 fxe5 7. Bxc6+ bxc6 8.
Bxe5 Qh4+ 9. g3 Qe4 10. Bxg7 Qxh1 11. Qh5+ Ke7 12. Kf2 Bxg3+ {White resigns} 0-1

[Event "Team 45 45 League T45"]
[Site "Internet Chess Club"]
[Date "2010.06.01"]
[Round "4"]
[White "QueensCounselor"]
[Black "smitty120"]
[Result "1-0"]
[WhiteElo "2147"]
[BlackElo "1910"]
[Opening "Ruy Lopez: 5.O-O"]
[ECO "C78"]
[Time "13:02:42"]
[TimeControl "2700+45"]

1. e4 e5 2. Nf3 Nc6 3. Bb5 a6 4. Ba4 Nf6 5. O-O b5 6. Bb3 Bc5 7. c3 d6 8. a4 Rb8
9. d4 Bb6 10. h3 h6 11. axb5 axb5 12. Re1 O-O 13. Na3 Bd7 14. Nc2 Re8 15. Qd3
Qc8 16. d5 Na5 17. Ba2 Nb7 18. b4 c5 19. dxc6 Bxc6 20. Nd2 Qd7 21. Ne3 Ra8 22.
Bb2 Nh5 23. Nf5 Nf4 24. Qg3 Ng6 25. Qxg6 {Black resigns} 1-0

[Event "Team 45 45 League T45"]
[Site "Internet Chess Club"]
[Date "2010.05.31"]
[Round "4"]
[White "dpawn"]
[Black "upsan"]
[Result "1-0"]
[WhiteElo "1840"]
[BlackElo "1849"]
[Opening "Queen's pawn"]
[ECO "A40"]
[Time "21:08:55"]
[TimeControl "2700+45"]

1. d4 e6 2. Nf3 f5 3. g3 d5 4. Bg2 Nf6 5. O-O Bd6 6. Nbd2 O-O 7. c4 c6 8. Ne5
Qe7 9. Ndf3 Nbd7 10. Bg5 Qe8 11. Qb3 Ne4 12. Bf4 Qe7 13. Rad1 g5 14. Nxd7 Bxd7
15. Bxd6 Qxd6 16. Ne5 Rab8 17. f3 Nf6 18. cxd5 exd5 19. e4 Be6 20. exf5 Bxf5 21.
Qe3 h6 22. h4 Nh7 23. hxg5 Nxg5 24. g4 Bh7 25. f4 Ne4 26. f5 Ng5 27. Qb3 Kg7 28.
Qc3 Nf7 29. Rde1 Rbe8 30. b4 Bg8 31. f6+ {Black resigns} 1-0

[Event "Team 45 45 League T45"]
[Site "Internet Chess Club"]
[Date "2010.05.30"]
[Round "4"]
[White "qs16"]
[Black "AVEMARIA"]
[Result "1/2-1/2"]
[WhiteElo "1672"]
[BlackElo "1685"]
[Opening "QGD Slav: Dutch variation"]
[ECO "D18"]
[Time "10:02:21"]
[TimeControl "2700+45"]

1. d4 d5 2. c4 c6 3. Nf3 Nf6 4. Nc3 dxc4 5. a4 Bf5 6. e3 e6 7. Bxc4 Nbd7 8. O-O
Bd6 9. Re1 Ne4 10. Nxe4 Bxe4 11. Bd3 Nf6 12. Ng5 Bxd3 13. Qxd3 Qc7 14. h3 h6 15.
Ne4 Nxe4 16. Qxe4 O-O 17. Bd2 Rae8 18. Qf3 Qb6 19. Bc3 a5 20. e4 Bb4 21. Qg3 e5
22. dxe5 Re6 23. Kh1 Bxc3 24. bxc3 Qc5 25. f4 f6 26. exf6 Rfxf6 27. e5 Rf7 28.
Rad1 Qe7 29. Rd6 Rxd6 30. exd6 Qxd6 31. Rf1 g5 32. Qe3 gxf4 33. Qe8+ Kg7 34. Qe2
Qd5 35. Rd1 f3 36. gxf3 Qxf3+ 37. Qxf3 Rxf3 38. Kg2 Rxc3 39. Rd7+ Kg6 40. Rxb7
Rc4 41. Rb6 Kg5 42. Ra6 Rc5 43. Kg3 h5 44. h4+ Kf5 45. Kf3 Ke5 46. Ke3 Kd5 47.
Kd3 Kd6 48. Ke4 Rc4+ 49. Kf5 Rxa4 50. Kg5 Kc5 51. Kxh5 Kb5 52. Ra8 Ra2 53. Kg4
c5 54. h5 Rh2 55. Rh8 c4 56. h6 Kb4 57. h7 c3 58. Rb8+ Ka3 59. h8=Q Rxh8 60.
Rxh8 a4 61. Kf4 c2 62. Rc8 Kb2 63. Rb8+ Ka2 64. Rc8 Kb1 65. Rb8+ Ka2 66. Rc8 Kb1
67. Rb8+ Ka2 68. Rc8 {Game drawn by repetition} 1/2-1/2

[Event "Team 45 45 League T45"]
[Site "Internet Chess Club"]
[Date "2010.06.01"]
[Round "4"]
[White "Invicta-Knight"]
[Black "oldsj"]
[Result "1-0"]
[WhiteElo "1538"]
[BlackElo "1605"]
[Opening "Sicilian: Grand Prix attack"]
[ECO "B23"]
[Time "15:16:26"]
[TimeControl "2700+45"]

1. e4 c5 2. Nc3 Nc6 3. f4 d6 4. Nf3 g6 5. Bc4 Bg7 6. O-O Nf6 7. d3 O-O 8. f5
gxf5 9. Qe1 fxe4 10. Nxe4 d5 11. Nxf6+ Bxf6 12. Qg3+ Kh8 13. Bb3 Rg8 14. Qf4 Rg4
15. Qh6 Rg6 16. Qh5 Qg8 17. Rf2 Nd4 18. Qxd5 Be6 19. Qxb7 Rb8 20. Qe4 Bf5 21.
Qf4 Rg4 22. Bxf7 Qxf7 23. Qxb8+ Rg8 24. Qf4 Nxf3+ 25. Qxf3 Bg4 26. Qb7 Bd4 27.
Bh6 Qxf2+ 28. Kh1 Qf6 29. Bd2 Bxb2 30. Rb1 Be2 31. Qxb2 Qxb2 32. Rxb2 Rf8 33. h3
Rf1+ 34. Kh2 Rf2 35. Bh6 Kg8 36. Rb8+ Kf7 37. Rf8+ {Black resigns} 1-0

[Event "Team 45 45 League T45"]
[Site "Internet Chess Club"]
[Date "2010.05.29"]
[Round "4"]
[White "TerryMalloy"]
[Black "SlimeDog2"]
[Result "1/2-1/2"]
[WhiteElo "2126"]
[BlackElo "2191"]
[Opening "Grünfeld defense"]
[ECO "D80"]
[Time "23:01:28"]
[TimeControl "2700+45"]

1. d4 Nf6 2. c4 g6 3. Nc3 d5 4. e3 Bg7 5. Qb3 e6 6. Qa3 Qe7 7. Qxe7+ Kxe7 8. b3
Nbd7 9. Ba3+ Ke8 10. Rc1 c6 11. Nf3 Ne4 12. Nxe4 dxe4 13. Ng5 Nf6 14. f3 exf3
15. gxf3 Bh6 16. h4 Nh5 17. Kf2 Bf8 18. Bxf8 Kxf8 19. Ne4 Ke7 20. c5 Bd7 21. Nd6
b5 22. Bg2 f5 23. e4 fxe4 24. fxe4 Rhf8+ 25. Ke3 e5 26. dxe5 Bg4 27. Rhf1 Ke6
28. Kd4 Nf4 29. Rc2 h6 {Game drawn by mutual agreement} 1/2-1/2

[Event "Team 45 45 League T45"]
[Site "Internet Chess Club"]
[Date "2010.05.27"]
[Round "4"]
[White "Memphischess"]
[Black "Folgers"]
[Result "1-0"]
[WhiteElo "2093"]
[BlackElo "2003"]
[Opening "Scotch gambit: Benima defense"]
[ECO "C44"]
[Time "20:00:35"]
[TimeControl "2700+45"]

1. e4 Nc6 2. d4 e5 3. Nf3 exd4 4. Bc4 Be7 5. c3 dxc3 6. Qd5 Nh6 7. Bxh6 O-O 8.
Bxg7 Kxg7 9. Nxc3 d6 10. Qh5 Bf6 11. h4 Bxc3+ 12. bxc3 Qf6 13. Qg5+ Qxg5 14.
hxg5 Be6 15. Bxe6 fxe6 16. Ke2 Rf4 17. Ke3 Raf8 18. Rh6 e5 19. Rah1 Rh8 20. g6
Nd8 21. Rxh7+ Rxh7 22. Rxh7+ Kxg6 23. Rxc7 Rf7 24. Nh4+ Kf6 25. Rc8 Ne6 26. Nf5
d5 27. Nd6 d4+ 28. cxd4 exd4+ 29. Kd3 Rd7 30. Ne8+ Kg5 31. g3 Kg6 32. f4 Kf7 33.
e5 b6 34. Nd6+ Kg7 35. Kc4 a6 36. Kd5 d3 37. Kxe6 Rxd6+ 38. exd6 d2 39. d7 d1=Q
40. d8=Q Qg4+ 41. Kd6 Qd1+ 42. Kc7 Qc2+ 43. Kb8 {Black resigns} 1-0

[Event "Team 45 45 League T45"]
[Site "Internet Chess Club"]
[Date "2010.05.27"]
[Round "4"]
[White "Cryptochess"]
[Black "Darkwizard1"]
[Result "1/2-1/2"]
[WhiteElo "2011"]
[BlackElo "1929"]
[Opening "Scotch gambit: Dubois-Réti defense"]
[ECO "C55"]
[Time "12:00:56"]
[TimeControl "2700+45"]

1. e4 Nc6 2. Nf3 e5 3. d4 exd4 4. Bc4 Nf6 5. e5 Ne4 6. Qe2 Bb4+ 7. Kf1 Nc5 8.
Bg5 Ne7 9. Nxd4 Ne6 10. Nxe6 dxe6 11. c3 Bc5 12. Nd2 h6 13. Rd1 hxg5 14. Ne4 Nd5
15. Nxc5 Qe7 16. Ne4 Bd7 17. Bxd5 exd5 18. Rxd5 Bc6 19. Rd3 Bb5 20. g3 Qxe5 21.
Kg2 O-O 22. Re1 Rad8 23. f4 gxf4 24. gxf4 Bxd3 25. fxe5 Bxe2 26. Rxe2 Rfe8 27.
Ng5 f6 28. Nf3 fxe5 29. Nh4 e4 30. Nf5 g6 31. Ne3 Kg7 32. Kg3 Rf8 33. Ng4 Rf3+
34. Kg2 Rfd3 35. Rxe4 Rd2+ 36. Kg3 R8d3+ 37. Kf4 Rd7 38. Rb4 c5 39. Rb5 a6 40.
Rb6 R2d6 41. Rb3 b5 42. a4 b4 43. cxb4 Rd4+ 44. Kg5 R7d5+ 45. Kh4 c4 46. Re3 Rd3
47. Re5 Rxe5 48. Nxe5 Rb3 49. b5 axb5 50. axb5 Rxb5 51. Nxc4 Rb4 52. b3 Kf6 53.
Kg4 Rxb3 54. Nd2 Rb2 55. Nf3 Rb4+ 56. Kg3 g5 57. h3 Kf5 58. Ng1 Rb3+ 59. Kf2 Ke4
60. Kg2 Re3 61. Kf2 Rb3 62. Kg2 Rb1 63. Kf2 Rb2+ 64. Kg3 Ke3 65. Nf3 Rb5 66. Kg4
Rb4+ 67. Kg3 Ke4 68. Nxg5+ Kf5 69. Nf3 Rb3 70. Kf2 Kf4 71. Ng1 Rb2+ 72. Kf1 Kg3
73. Ne2+ Kxh3 74. Kf2 Kg4 75. Ke3 Rb8 76. Kf2 Re8 77. Ng1 Rf8+ 78. Kg2 Rf7 79.
Ne2 Rf3 80. Ng1 Rb3 81. Kf2 Rb2+ 82. Kf1 Kf4 83. Ne2+ Ke3 84. Ng1 Rf2+ 85. Ke1
Rf8 86. Ne2 Ra8 87. Kd1 Ra2 88. Nc1 Rb2 89. Ke1 Rd2 90. Nb3 Rh2 91. Kd1 Kd3 92.
Nc1+ Ke3 93. Nb3 Rb2 94. Nc1 Rb7 95. Kc2 Rc7+ 96. Kb2 Kd2 97. Nb3+ Kd3 98. Nc1+
Kc4 99. Kc2 Rh7 100. Kd2 Rh2+ 101. Ne2 Rg2 102. Kd1 Rf2 103. Kd2 Rh2 104. Ke3
{Game drawn by mutual agreement} 1/2-1/2

[Event "Team 45 45 League T45"]
[Site "Internet Chess Club"]
[Date "2010.06.03"]
[Round "4"]
[White "kidviper"]
[Black "cysk"]
[Result "0-1"]
[WhiteElo "1856"]
[BlackElo "1708"]
[Opening "Scandinavian: Pytel-Wade variation"]
[ECO "B01"]
[Time "09:12:51"]
[TimeControl "2700+45"]

1. e4 d5 2. exd5 Qxd5 3. Nc3 Qd6 4. d4 Nf6 5. Bc4 a6 6. Nge2 Qc6 7. Bb3 Qxg2 8.
Ng3 Bg4 9. Qd3 e6 10. Qf1 Qxf1+ 11. Rxf1 Nc6 12. f3 Bh3 13. Rf2 Nxd4 14. Be3
Nxb3 15. axb3 O-O-O 16. Nge4 Nxe4 17. Nxe4 Be7 18. Bg5 f6 19. Be3 e5 20. Ra4 Bd7
21. Ra1 f5 22. Ng5 f4 23. Nf7 fxe3 24. Re2 Bh4+ 25. Kf1 Bb5 26. c4 Bd7 27. Nxh8
Bh3+ 28. Kg1 Bf2+ 29. Rxf2 exf2+ 30. Kxf2 Rxh8 31. Rg1 g6 32. Re1 Re8 33. Re4
Bf5 34. Re1 c5 35. h4 h6 36. Kg3 e4 37. Kf4 Re6 38. fxe4 Re7 39. Re3 Bd7 40. Rd3
Bc6 41. e5 Rf7+ 42. Kg4 Rf5 43. Rd6 h5+ 44. Kg3 Rxe5 45. Rxg6 Re3+ 46. Kf4 Rxb3
47. Ke5 Kc7 48. Rh6 Rxb2 49. Rxh5 Rc2 50. Rh7+ Kb6 51. h5 Rxc4 52. Rh8 Rh4 53.
h6 c4 54. Kf5 c3 55. Rg8 Rxh6 56. Rg1 Bd7+ 57. Ke4 Rc6 58. Kd3 Bf5+ 59. Ke3 c2
60. Rc1 a5 61. Kf4 Bh7 62. Ke3 a4 63. Kd2 a3 64. Ra1 a2 65. Kc1 Rd6 66. Rxa2
Rd1+ 67. Kb2 c1=Q+ 68. Kb3 Qb1+ 69. Rb2 Rd3+ 70. Ka4+ Ka7 71. Rxb1 Rd4+ 72. Rb4
Rxb4+ 73. Kxb4 Kb6 74. Kc4 Ka5 75. Kb3 Kb5 76. Ka3 Kc4 77. Kb2 b5 78. Ka3 Kc3
79. Ka2 b4 80. Ka1 Kc2 81. Ka2 b3+ 82. Ka1 b2+ 83. Ka2 b1=Q+ 84. Ka3 Qb3# {White
checkmated} 0-1

[Event "Team 45 45 League T45"]
[Site "Internet Chess Club"]
[Date "2010.05.30"]
[Round "4"]
[White "PandorasBox"]
[Black "Malacar"]
[Result "1/2-1/2"]
[WhiteElo "2041"]
[BlackElo "2091"]
[Opening "French: Winawer, Kondratiyev variation"]
[ECO "C15"]
[Time "16:30:38"]
[TimeControl "2700+45"]

1. d4 e6 2. e4 d5 3. Nc3 Bb4 4. Bd3 c5 5. exd5 Qxd5 6. Bd2 Bxc3 7. Bxc3 cxd4 8.
Bxd4 Qxg2 9. Qf3 Qxf3 10. Nxf3 f6 11. Rg1 Kf7 12. O-O-O Nc6 13. Bc3 Nge7 14. Bc4
Nd5 15. Bxd5 exd5 16. Rxd5 Be6 17. Rd6 Rad8 18. Rgd1 Bg4 19. Rxd8 Nxd8 20. Rd3
Re8 21. Nd4 Re7 22. f3 Bd7 23. Bb4 Re8 24. Kd2 g5 25. b3 Kg6 26. c4 Nc6 27. Nxc6
Bxc6 28. Bc3 Re7 29. Rd6 Rd7 30. Rxd7 Bxd7 31. Ke3 Kf5 32. a4 Be8 33. a5 Ke6 34.
b4 a6 35. Be1 Bc6 36. f4 Kf5 37. Bg3 h5 38. fxg5 fxg5 39. Bd6 Kg4 40. Kd4 Kf5
41. Kc5 Bf3 42. b5 axb5 43. cxb5 Kg4 44. Kb6 Kh3 45. a6 bxa6 46. bxa6 h4 47. Kc5
g4 {Game drawn by mutual agreement} 1/2-1/2

[Event "Team 45 45 League T45"]
[Site "Internet Chess Club"]
[Date "2010.05.28"]
[Round "4"]
[White "Pason"]
[Black "Dyzfunk"]
[Result "1-0"]
[WhiteElo "2071"]
[BlackElo "2015"]
[Opening "Grünfeld: Three knights variation"]
[ECO "D90"]
[Time "14:00:04"]
[TimeControl "2700+45"]

1. d4 Nf6 2. Nf3 g6 3. c4 Bg7 4. Nc3 d5 5. cxd5 Nxd5 6. Na4 Nf6 7. Bf4 O-O 8. e3
Bg4 9. Be2 Nbd7 10. O-O Nh5 11. Bg5 h6 12. Bh4 g5 13. Nd2 Bxe2 14. Qxe2 Ndf6 15.
Bg3 Nxg3 16. hxg3 c6 17. Nc5 b6 18. Nd3 Rc8 19. Rac1 Nd7 20. Rc2 e5 21. dxe5
Nxe5 22. Nxe5 Bxe5 23. Nc4 Bg7 24. Rd1 Qe7 25. Nd6 Rc7 26. Rcd2 Qe6 27. b3 Rd8
28. g4 Rcd7 29. Nf5 Kh8 30. Rxd7 Rxd7 31. Rd3 Rxd3 32. Qxd3 Qd5 33. Qxd5 cxd5
34. Kf1 a6 35. Ke2 Kh7 36. Kd3 Bf6 37. Nd6 Kg6 38. Nc8 b5 39. Nb6 Be5 40. Nxd5
f6 41. Nb4 a5 42. Nc6 Bc7 43. Ke4 Kf7 44. Kd5 Bb6 45. Kd6 f5 46. gxf5 h5 47. Ke5
Bc7+ 48. Ke4 g4 49. g3 Kf6 50. Nd4 b4 51. Ne6 Bb8 52. Nf4 Kg5 53. Ng2 Bc7 54.
Nh4 Kf6 55. Kd5 Be5 56. Ke4 Bc7 57. Ng2 Kg5 58. Ne1 Kf6 59. Nc2 Bb6 60. Nd4 Bc7
61. Kd5 Be5 62. e4 Bb8 63. Nc6 Bxg3 64. fxg3 h4 65. gxh4 g3 66. Nd4 g2 67. Ne2
{Black resigns} 1-0

[Event "Team 45 45 League T45"]
[Site "Internet Chess Club"]
[Date "2010.05.30"]
[Round "4"]
[White "stevef"]
[Black "DavidBarnsley"]
[Result "0-1"]
[WhiteElo "1810"]
[BlackElo "2003"]
[Opening "French: Tarrasch"]
[ECO "C03"]
[Time "15:02:57"]
[TimeControl "2700+45"]

1. e4 e6 2. d4 d5 3. Nd2 Be7 4. Bd3 c5 5. c3 cxd4 6. cxd4 dxe4 7. Nxe4 Nf6 8.
Nf3 O-O 9. O-O Nc6 10. Bg5 h6 11. Nxf6+ Bxf6 12. Be3 Nb4 13. Be4 Nd5 14. Qb3 b6
15. a4 Ba6 16. Rfd1 Rc8 17. Rac1 Qd6 18. Nd2 Nf4 19. Bf3 Rxc1 20. Rxc1 Bxd4 21.
Nc4 Bxc4 22. Qxc4 Bxe3 23. fxe3 Nd3 24. Rd1 Nxb2 25. Rxd6 Nxc4 26. Rd7 a5 27.
Kf2 Rc8 28. Be2 g6 29. h4 Kg7 30. h5 g5 31. Rb7 Kf6 32. Bf3 Rc5 33. Rb8 Ne5 34.
Rxb6 Nxf3 35. gxf3 Rc4 36. Ke2 Rxa4 37. Rb5 Ra3 38. Rb6 a4 39. Ra6 Ra1 40. Ra5
a3 41. Kf2 a2 42. Kg2 Re1 43. Rxa2 Rxe3 44. Kg3 Re5 45. Ra8 Rf5 46. Ra6 Rf4 47.
Kf2 Rh4 48. Ra7 Rxh5 49. Rd7 Rh4 50. Ke3 Rb4 51. Rd8 h5 52. Rh8 h4 53. Rh5 Kf5
54. Rh7 f6 55. Rh6 e5 56. Kd3 Rb3+ 57. Ke2 Rb6 58. Ke3 Rb4 59. Kd3 Rb1 60. Ke2
Rh1 61. Ke3 Rh3 62. Kf2 Rg3 63. Ke2 g4 64. fxg4+ Rxg4 65. Kf3 Rf4+ 66. Ke3 Kg5
67. Rh8 Kg4 68. Rg8+ Kh3 69. Ke2 Kh2 70. Ke1 h3 71. Ke2 f5 72. Ke1 Rg4 73. Rf8
f4 74. Kf2 Rg3 75. Rf6 Rg2+ 76. Kf3 Kg1 77. Ra6 Rf2+ 78. Kg4 h2 {White resigns}
0-1

[Event "Team 45 45 League T45"]
[Site "Internet Chess Club"]
[Date "2010.06.03"]
[Round "4"]
[White "Ptzz"]
[Black "theophilus"]
[Result "0-1"]
[WhiteElo "2075"]
[BlackElo "2194"]
[Opening "QGD: Tarrasch, Prague variation, 9.Bg5"]
[ECO "A13"]
[Time "14:03:00"]
[TimeControl "2700+45"]

1. c4 e6 2. g3 d5 3. Bg2 c5 4. cxd5 exd5 5. d4 Nc6 6. Nf3 Nf6 7. O-O Be7 8. Bg5
O-O 9. Nc3 c4 10. b3 Qa5 11. Na4 Re8 12. Ne5 Nxe5 13. dxe5 Ne4 14. Bxe7 Rxe7 15.
Qd4 Bd7 16. Bxe4 dxe4 17. Qxe4 c3 18. Qxb7 Rae8 19. Qf3 Bxa4 20. bxa4 Qxe5 21.
e3 c2 22. Rac1 Rc7 23. Qf4 Qxf4 24. gxf4 Re4 25. a3 Rxa4 26. Ra1 Ra5 27. Rfc1
Rd5 28. Kg2 Kf8 29. Ra2 Rd2 30. a4 a5 31. Kf3 Ke7 32. Kg2 Kd6 33. Raa1 Kd5 34.
Kf1 Ke4 35. Ke1 Kd3 36. Ra2 Rc5 37. Ra3+ Rc3 38. Ra2 Re2+ 39. Kf1 f5 40. h4 g6
41. Rb2 Rd2 42. Ke1 Ra3 {White resigns} 0-1

[Event "Team 45 45 League T45"]
[Site "Internet Chess Club"]
[Date "2010.05.30"]
[Round "4"]
[White "chess92192"]
[Black "Jack-ONeill"]
[Result "0-1"]
[WhiteElo "2030"]
[BlackElo "2052"]
[Opening "Budapest: Adler variation"]
[ECO "A52"]
[Time "14:06:52"]
[TimeControl "2700+45"]

1. d4 Nf6 2. c4 e5 3. dxe5 Ng4 4. Nf3 Nc6 5. Bf4 Bb4+ 6. Nbd2 Qe7 7. a3 Ngxe5 8.
Nxe5 Nxe5 9. Qc2 Bxd2+ 10. Bxd2 d6 11. e3 b6 12. Be2 Bb7 13. O-O O-O 14. b4 Ng6
15. Bd3 Rae8 16. Rac1 Nh4 17. e4 Bxe4 18. Rfe1 Bxd3 19. Qxd3 Qf6 20. Qd5 Re5 21.
Rxe5 Qxe5 22. Qxe5 dxe5 23. Bg5 Nf5 24. c5 f6 25. Be3 Rd8 26. cxb6 cxb6 27. a4
Kf7 28. a5 bxa5 29. Bxa7 axb4 30. g4 Nd4 31. Rc7+ Kg6 32. Kg2 Nb5 33. Rb7 Nxa7
34. Rxa7 Rb8 35. Ra1 b3 36. Rb1 b2 37. Kg3 Rb3+ 38. Kg2 Kg5 39. h3 e4 40. Kh2
Kf4 41. Kg2 g6 42. Kg1 Ke5 43. Kf1 Kd4 44. Ke2 Kc3 45. h4 Kc2 46. Rd1 {White
resigns} 0-1

[Event "Team 45 45 League T45"]
[Site "Internet Chess Club"]
[Date "2010.05.31"]
[Round "4"]
[White "Zumbi"]
[Black "hewdondada"]
[Result "1-0"]
[WhiteElo "2008"]
[BlackElo "1843"]
[Opening "Scandinavian (center counter) defense"]
[ECO "B01"]
[Time "22:04:34"]
[TimeControl "2700+45"]

1. e4 d5 2. exd5 Qxd5 3. Nf3 Nf6 4. d4 Qa5+ 5. Bd2 Qb6 6. b3 Bg4 7. Be3 Nd5 8.
c4 Nxe3 9. fxe3 c6 10. Be2 e6 11. O-O Be7 12. Nc3 O-O 13. h3 Bh5 14. Ne5 Bxe2
15. Qxe2 Qc7 16. Qg4 Nd7 17. Nd3 f5 18. Qf3 e5 19. Qg3 f4 20. exf4 exd4 21. Ne4
Nf6 22. Ng5 Nh5 23. Qg4 Bxg5 24. Qxg5 Nf6 25. Rae1 Rae8 26. Qc5 Qb6 27. Re5 Rxe5
28. fxe5 Qxc5 29. Nxc5 Nh5 30. Rxf8+ Kxf8 31. Ne6+ Ke7 32. Nxd4 Nf4 33. Nf5+ Ke6
34. Nxg7+ Kxe5 35. Kh2 Kf6 36. Kg3 Ne2+ 37. Kf2 Nf4 38. Kf3 Nxh3 39. Ne8+ Ke7
40. gxh3 Kxe8 41. Ke4 Kf7 42. Kf5 Ke7 43. Ke5 h6 44. c5 b6 45. b4 b5 46. Kf5 Kf7
47. h4 h5 48. Kg5 Ke6 49. Kxh5 Kf6 50. Kg4 Kg6 51. h5+ Kf6 52. Kf4 Ke6 53. h6
Kf6 54. h7 {Black resigns} 1-0

[Event "Team 45 45 League T45"]
[Site "Internet Chess Club"]
[Date "2010.05.31"]
[Round "4"]
[White "mugurelt"]
[Black "Despair"]
[Result "1/2-1/2"]
[WhiteElo "1757"]
[BlackElo "2048"]
[Opening "Polish (Sokolsky) opening"]
[ECO "A00"]
[Time "22:04:06"]
[TimeControl "2700+45"]

1. b4 g6 2. Bb2 Nf6 3. b5 b6 4. e3 Bg7 5. Nf3 O-O 6. Be2 Bb7 7. O-O a6 8. a4
axb5 9. axb5 Rxa1 10. Bxa1 c5 11. d4 d6 12. c4 Nbd7 13. Nbd2 cxd4 14. Bxd4 e5
15. Bb2 e4 16. Nd4 Re8 17. Qc2 Qc7 18. Ra1 Rc8 19. f4 Nd5 20. Qxe4 Nc5 21. Qf3
Nb4 22. Qf1 Qe7 23. e4 Nxe4 24. Nxe4 Qxe4 25. Rd1 Re8 26. Kh1 Qxg2+ 27. Qxg2
Bxg2+ 28. Kxg2 Bxd4 29. Bxd4 Rxe2+ 30. Kg3 d5 31. Bxb6 dxc4 32. Rd8+ Kg7 33.
Bd4+ Kh6 34. b6 Na6 35. b7 Re7 36. b8=Q Nxb8 37. Rxb8 Rd7 38. Be5 Kh5 39. Rc8
Rd3+ 40. Kg2 Rd2+ 41. Kf3 Rxh2 42. Rxc4 f5 43. Rc8 h6 44. Rh8 Rh3+ 45. Kg2 Kg4
46. Rg8 g5 47. Rg7 Rg3+ 48. Kf2 Rf3+ 49. Ke2 Rh3 50. Rg8 Rh2+ 51. Ke3 Rh3+ 52.
Kf2 Rh2+ 53. Kf1 Rh1+ 54. Kg2 Rh3 55. Rg6 Rg3+ 56. Kf2 Rf3+ 57. Ke2 Rh3 58.
Rxg5+ hxg5 59. fxg5 {Game drawn by mutual agreement} 1/2-1/2

[Event "Team 45 45 League T45"]
[Site "Internet Chess Club"]
[Date "2010.05.28"]
[Round "4"]
[White "easycure"]
[Black "sandham"]
[Result "1/2-1/2"]
[WhiteElo "2362"]
[BlackElo "2137"]
[Opening "QGD: semi-Slav, Abrahams variation"]
[ECO "D10"]
[Time "09:00:51"]
[TimeControl "2700+45"]

1. d4 d5 2. c4 c6 3. Nc3 e6 4. Nf3 dxc4 5. e3 b5 6. a4 Bb4 7. Bd2 a5 8. Rb1 Bd7
9. g3 Nf6 10. Bg2 O-O 11. O-O Qb6 12. Ne5 Ra7 13. b3 cxb3 14. Qxb3 Na6 15. Rfc1
Rc7 16. Be1 Rfc8 17. Ne2 Be8 18. Nf4 Bxe1 19. Rxe1 Nb4 20. Nfd3 bxa4 21. Qc4 Qb5
22. Nxb4 Qxc4 23. Nxc4 axb4 24. Rxb4 c5 25. dxc5 Rxc5 26. Nd6 Rc1 27. Rb1 Rxe1+
{Game drawn by mutual agreement} 1/2-1/2

[Event "Team 45 45 League T45"]
[Site "Internet Chess Club"]
[Date "2010.05.30"]
[Round "4"]
[White "Deckfuel"]
[Black "Ser-Enigma"]
[Result "0-1"]
[WhiteElo "2026"]
[BlackElo "2131"]
[Opening "Two knights defense"]
[ECO "C56"]
[Time "05:03:13"]
[TimeControl "2700+45"]

1. e4 e5 2. Nf3 Nc6 3. Bc4 Nf6 4. d4 exd4 5. O-O Nxe4 6. Re1 d5 7. Bxd5 Qxd5 8.
Nc3 Qa5 9. Nxe4 Be6 10. Neg5 O-O-O 11. Nxe6 fxe6 12. Ng5 Bb4 13. Re4 Qf5 14. f3
e5 15. a3 Be7 16. Nh3 g5 17. g4 Qg6 18. Qd3 h5 19. Nf2 hxg4 20. Nxg4 Qh5 21. b4
a6 22. b5 axb5 23. Qxb5 Rdf8 24. Rb1 Nd8 25. Qxe5 Bd6 26. Qxg5 Bxh2+ 27. Kf2
Bg3+ 28. Ke2 Qh1 29. Nf6 Qe1+ 30. Kd3 Qc3+ 31. Ke2 Rh2+ 32. Kf1 Qxf3+ 33. Kg1
Rh1# {White checkmated} 0-1